 Dungeon Crawl Stone Soup version 0.21.1-1-g345015fe64 (webtiles) character file.

63823 Oravi the Nimble (level 15, 0/129 HPs)
             Began as a Merfolk Transmuter on May 3, 2018.
             Was a High Priest of Okawaru.
             Killed from afar by an electric eel (6 damage)
             ... with a bolt of electricity
             ... on level 13 of the Dungeon.
             The game lasted 02:17:35 (21156 turns).

Oravi the Nimble (Merfolk Transmuter)              Turns: 21156, Time: 02:17:35

Health: 0/129      AC:  4    Str: 14    XL:     15   Next: 11%
Magic:  26/29      EV: 24    Int: 19    God:    Okawaru [*****.]
Gold:   1525       SH:  0    Dex: 15    Spells: 15/34 levels left

rFire    . . .     SeeInvis .     - Unarmed
rCold    + + +     Gourm    .   (shield currently unavailable)
rNeg     . . .     Faith    .   (armour currently unavailable)
rPois    +         Spirit   .   (helmet currently unavailable)
rElec    .         Reflect  .   (cloak currently unavailable)
rCorr    .         Harm     .   (gloves currently unavailable)
MR       +++..                  (boots currently unavailable)
Stlth    ..........             r - amulet of regeneration
HPRegen  0.71/turn              N - ring of Kaedor {Wiz rF+ MR++ Str+2 Stlth-}
MPRegen  0.21/turn              c - +5 ring of evasion

@: about to teleport, ice-form, corroded
A: large, (change form in water), (swift swim), (stealthy swim), frail 1, strong
1, MP-powered wands
a: End Transformation, Heroism, Finesse, Renounce Religion


You were on level 13 of the Dungeon.
You worshipped Okawaru.
Okawaru was extremely pleased with you.
You were not hungry.
You were a creature of crystalline ice.
You visited 3 branches of the dungeon, and saw 20 of its levels.
You also visited: Sewer, Ice Cave and Volcano.

You collected 1651 gold pieces.
You spent 126 gold pieces at shops.

Inventory:

Missiles
 a - 274 arrows
 B - 6 javelins
 V - 17 stones (quivered)
Armour
 f - +0 steam dragon scales
 j - a +0 robe of fire resistance
 s - a +1 helmet (melded)
 u - a +0 troll leather armour (melded) {Purgy}
 A - a +0 pair of boots of flying (melded)
 G - a +2 pair of gloves (melded)
 Q - a scarf of repulsion (melded)
Magical Staves
 I - an uncursed staff of poison (melded)
Jewellery
 b - an uncursed ring of ice
 c - a +5 ring of evasion (right front paw)
 e - an uncursed ring of resist corrosion
 h - a +3 ring of strength
 o - an uncursed ring of protection from magic
 r - an amulet of regeneration (around neck)
 J - an uncursed ring of protection from fire
 N - the ring of Kaedor (left front paw) {Wiz rF+ MR++ Str+2 Stlth-}
   (You found it on level 6 of the Lair of Beasts)

   [ring of wizardry]

   It improves your spell success rate.
   It affects your strength (+2).
   It protects you from fire.
   It affects your resistance to hostile enchantments.
   It makes you less stealthy.
 S - the amulet of the Serpent {+Rage rElec Int+7 Dex-3}
   (You found it on level 7 of the Dungeon)

   [amulet of rage]

   It affects your intelligence (+7).
   It affects your dexterity (-3).
   It insulates you from electricity.
   It lets you go berserk.
 T - an uncursed ring of poison resistance {unknown}
 W - an uncursed ring of flight
Wands
 g - a wand of clouds (2)
 p - a wand of iceblast (4)
 D - a wand of digging (35)
 F - a wand of flame (74)
 K - a wand of disintegration (21)
 O - a wand of random effects (11)
 P - a wand of polymorph (34)
 U - a wand of paralysis (14)
Scrolls
 m - 3 scrolls of remove curse
 q - 6 scrolls of fear
 w - a scroll of silence
 x - 2 scrolls of identify
 y - 2 scrolls of teleportation
 C - a scroll of summoning {unknown}
 R - 2 scrolls of magic mapping
 Z - a scroll of amnesia
Potions
 i - 5 potions of agility
 k - 2 potions of flight
 l - 8 potions of haste
 n - a potion of berserk rage
 t - 5 potions of curing
 v - 2 potions of brilliance
 z - a potion of magic
 E - 3 potions of ambrosia
 H - 5 potions of might
 M - a potion of resistance
Miscellaneous
 L - a lightning rod (4/4)
Comestibles
 d - 33 rations
 X - 5 chunks of flesh


   Skills:
 + Level 12.1 Fighting
 + Level 14.3 Dodging
 + Level 12.7 Unarmed Combat
 + Level 10.4 Spellcasting
 - Level 5.0 Hexes
 - Level 14.2 Transmutations
 - Level 6.0 Ice Magic
 - Level 3.0 Poison Magic
 + Level 2.8 Invocations


You had 15 spell levels left.
You knew the following spells:

 Your Spells              Type           Power        Failure   Level  Hunger
a - Spider Form           Tmut/Pois      #####.....   1%          3    None
b - Sticks to Snakes      Tmut           ######..     1%          2    None
c - Ice Form              Ice/Tmut       #####...     1%          4    ##.....
d - Blade Hands           Tmut           ######....   1%          5    #####..
e - Yara's Violent Unrav  Hex/Tmut       #####.....   1%          5    #####..


Dungeon Overview and Level Annotations

Branches:
Dungeon (13/15)            Temple (1/1) D:7            Lair (6/6) D:8
  Swamp (0/4) Lair:2        Snake (0/4) Lair:4        Slime (0/5) Lair:5
    Orc (0/2) D:9          Vaults (0/5) D:13

Altars:
Ashenzari
Cheibriados
Dithmenos
Elyvilon
Fedhas
Gozag
Hepliaklqana
Kikubaaqudgha
Makhleb
Nemelex Xobeh
Okawaru
Qazlal
Ru
Sif Muna
Trog
Uskayaw
Vehumet
Wu Jian
Xom
Yredelemnul
Zin
The Shining One
Jiyva

Shops:
D:4 =}*}

Annotations:
D:13 Frances
Lair:2 exclusion: 3 oklob plants


Innate Abilities, Weirdness & Mutations

((You revert to your normal form in water.))
((You are very nimble and swift while swimming.))
((You are very stealthy in the water. (Stealth+)))
You are frail. (-10% HP)
Your muscles are strong. (Str +2)
You expend magic power (3 MP) to strengthen your wands.


Message History

Frances melts you. The ice devil closely misses you.
You punch Frances! You freeze Frances.
Frances is lightly wounded.
The hound closely misses you. The rust devil hits you.
The rust devil corrodes you!
Frances hits you with a trident of flaming!!
Frances melts you!
* * * LOW HITPOINT WARNING * * *
The hound completely misses you.
As you read the scroll of teleportation, it crumbles to dust.
You feel strangely unstable.
Frances hits you with a trident of flaming!!
* * * LOW HITPOINT WARNING * * *
Frances melts you.
* * * LOW HITPOINT WARNING * * *
The ice devil completely misses you. The rust devil barely misses you.
The hound bites you but does no damage.
The electric eel shoots out a bolt of lightning at you!
The bolt of electricity hits the hound.
The bolt of electricity hits you!
You die...

.###.....≈≈≈.....
..#...............#.
...................# #
...................# .#
...................# ..#
........$..........#....
..................#....#
..#..............4...#
.###.....≈≈≈....Y@..##
..#.....≈≈≈≈≈...h4....#
........≈≈≈≈≈..≈≈≈.....#
........≈≈≈≈≈..≈;≈..#.##
.........≈≈≈...≈≈≈.#.#.#
..................##.# .
.................#.# .
...............#.##.# #
≈≈..........#..### ##


You could see Frances, an ice devil, a rust devil, a hound and an electric eel.

Vanquished Creatures
  Kirke (D:12)
  Fannar (Lair:1)
  Harold (D:11)
  A centaur warrior (D:13)
  5 hydras
  An ogre mage (Volcano)
  A catoblepas (Lair:4)
  9 two-headed ogres
  3 death yaks (Lair:2)
  A hell knight (Volcano)
  A fire crab (Lair:4)
  A skeletal warrior (D:13)
  An unseen horror (D:13)
  A necromancer (D:13)
  2 manticores (D:12)
  The ghost of Thargor the Ducker, a novice DsGl (D:6)
  2 ugly things
  2 cyclopes (D:12)
  9 elephants
  2 ice statues (IceCv)
  A molten gargoyle (Volcano)
  2 torpor snails
  8 spiny frogs
  A rime drake (Lair:2)
  2 kobold demonologists (D:12)
  8 komodo dragons
  3 trolls
  4 polar bears
  6 hornets (Lair:6)
  Prince Ribbit (D:7)
  3 dream sheep (Lair:6)
  A slime creature (D:12)
  9 hippogriffs
  26 blink frogs
  2 shadows
  12 spriggans
  26 yaks
  4 wyverns
  2 water elementals
  8 fire bats
  2 steam dragons
  2 hungry ghosts
  4 basilisks
  Menkaure (D:7)
  6 nagas (Lair:4)
  2 acid dragons
  5 porcupines
  13 water moccasins
  11 ice beasts
  3 black bears
  Purgy (Sewer)
  5 orc warriors
  6 ogres
  4 sky beasts
  3 necrophages
  8 centaurs
  4 boggarts (Lair:6)
  14 wolves
  4 big kobolds
  9 crocodiles
  9 bullfrogs
  A wyvern skeleton (D:13)
  3 scorpions
  A water moccasin skeleton (D:4)
  12 killer bees
  3 wights (D:6)
  3 electric eels (D:13)
  5 crimson imps
  3 centaur zombies
  4 lava snakes (Volcano)
  A quasit (D:6)
  2 bullfrog zombies
  3 centaur skeletons
  3 orc priests
  3 hounds
  4 jellies
  A gnoll shaman (D:8)
  3 bullfrog skeletons
  6 orc wizards
  10 iguanas
  10 worker ants
  A hound zombie (D:5)
  2 hound skeletons
  A river rat (D:4)
  13 adders
  3 gnolls (D:8)
  2 shadow imps
  2 adder skeletons
  An adder zombie (D:5)
  4 worms
  A dart slug (D:2)
  6 leopard geckos
  32 orcs
  6 giant cockroaches
  7 goblins
  5 hobgoblins
  14 jackals
  4 quokkas
  A ball python (Sewer)
  6 bats
  9 frilled lizards
  A jackal zombie (D:7)
  22 kobolds
  2 leopard gecko skeletons (D:4)
  7 rats
524 creatures vanquished.

Vanquished Creatures (collateral kills)
  2 hydras
  An unseen horror (D:11)
  2 ugly things
  2 manticores (D:13)
  3 blink frogs (Lair:3)
  4 dream sheep (Lair:6)
  2 spriggans (Lair:6)
  A water elemental (D:13)
  A black bear (Lair:6)
  A crocodile (Lair:6)
19 creatures vanquished.

Vanquished Creatures (others)
  2 humans (D:13)
  A hound (D:13)
  16 fungi
  11 plants
30 creatures vanquished.

Grand Total: 573 creatures vanquished

Notes
Turn   | Place    | Note
-------+----------+-------------------------------------------
     0 | D:1      | Oravi the Merfolk Transmuter began the quest for the Orb.
     0 | D:1      | Reached XP level 1. HP: 15/15 MP: 3/3
   336 | D:1      | Reached XP level 2. HP: 21/21 MP: 3/5
   925 | D:2      | Reached XP level 3. HP: 24/26 MP: 6/6
   929 | D:2      | Learned a level 2 spell: Sticks to Snakes
   933 | D:2      | Learned a level 3 spell: Spider Form
  1215 | D:2      | Reached skill level 1 in Poison Magic
  1289 | D:2      | Reached XP level 4. HP: 29/32 MP: 0/7
  1896 | D:3      | Reached XP level 5. HP: 20/37 MP: 6/8
  2256 | D:3      | Found a faded altar of an unknown god.
  2496 | D:3      | Found a sparkling altar of Nemelex Xobeh.
  2847 | D:4      | Found Hudema's Assorted Antiques.
  2857 | D:4      | Bought a glowing cabochon ring for 90 gold pieces
  2857 | D:4      | Bought a scroll of identify for 36 gold pieces
  2885 | D:4      | Reached XP level 6. HP: 44/44 MP: 5/9
  2886 | D:4      | Found Ribohas's Gadget Boutique.
  2981 | D:4      | Found a glowing drain.
  2985 | Sewer    | Entered a sewer
  3008 | Sewer    | Noticed Purgy
  3019 | Sewer    | Killed Purgy
  3019 | Sewer    | Reached skill level 5 in Transmutations
  3282 | D:4      | Found Nuax's Jewellery Shop.
  3355 | D:4      | Reached XP level 7. HP: 51/51 MP: 8/11
  3425 | D:4      | Reached skill level 5 in Unarmed Combat
  3438 | D:4      | Found Geshre's Gadget Shop.
  4120 | D:5      | Entered Level 5 of the Dungeon
  4470 | D:5      | Reached skill level 5 in Dodging
  4520 | D:5      | Reached XP level 8. HP: 54/59 MP: 6/13
  4526 | D:5      | Learned a level 4 spell: Ice Form
  4532 | D:5      | Learned a level 5 spell: Blade Hands
  4746 | D:5      | Reached skill level 1 in Ice Magic
  5335 | D:6      | Noticed Thargor's ghost (novice DsGl)
  6325 | D:7      | Found a staircase to the Ecumenical Temple.
  6361 | D:7      | Got a bound garnet amulet
  6410 | D:7      | Identified the amulet of the Serpent {+Rage rElec Int+7 Dex-3} (You found it on level 7 of the Dungeon)
  6440 | D:7      | Reached XP level 9. HP: 66/66 MP: 10/15
  6498 | D:7      | Noticed Prince Ribbit
  6507 | D:7      | Killed Prince Ribbit
  6564 | D:7      | Noticed Menkaure
  6576 | D:7      | Killed Menkaure
  6576 | D:7      | Reached skill level 5 in Fighting
  6947 | Temple   | Entered the Ecumenical Temple
  7208 | Temple   | Became a worshipper of Warmaster Okawaru
  7555 | D:8      | Noticed a two-headed ogre
  7641 | D:7      | Killed a two-headed ogre
  7641 | D:7      | Reached * piety under Okawaru
  7641 | D:7      | Reached skill level 5 in Spellcasting
  7772 | D:8      | Reached XP level 10. HP: 28/75 MP: 14/17
  7874 | D:8      | Found a staircase to the Lair.
  8081 | D:8      | Noticed a two-headed ogre
  8090 | D:8      | Killed a two-headed ogre
  8090 | D:8      | Reached skill level 5 in Ice Magic
  8455 | D:9      | Found a staircase to the Orcish Mines.
  8582 | D:9      | Reached ** piety under Okawaru
  8614 | D:9      | Found a shimmering altar of Xom.
  8984 | D:10     | Entered Level 10 of the Dungeon
  9730 | D:11     | Noticed a purple ugly thing
  9825 | D:11     | Killed a purple ugly thing
  9825 | D:11     | Reached *** piety under Okawaru
  9837 | D:11     | Killed an unseen horror
  9837 | D:11     | Reached XP level 11. HP: 25/84 MP: 4/20
 10021 | D:11     | Reached skill level 10 in Transmutations
 10120 | D:11     | Noticed Harold
 10147 | D:11     | Killed Harold
 10147 | D:11     | Reached **** piety under Okawaru
 10291 | D:11     | Noticed a brown ugly thing
 10412 | D:11     | Killed a brown ugly thing
 10753 | D:12     | Noticed a cyclops
 10768 | D:12     | Killed a cyclops
 10801 | D:12     | Reached skill level 10 in Dodging
 10805 | D:12     | Noticed a cyclops
 10813 | D:12     | Killed a cyclops
 11005 | D:12     | Reached ***** piety under Okawaru
 11265 | D:12     | Noticed a manticore
 11273 | D:12     | Killed a manticore
 11273 | D:12     | Received a gift from Okawaru
 11539 | D:12     | Noticed a manticore
 11558 | D:12     | Killed a manticore
 11558 | D:12     | Reached XP level 12. HP: 77/93 MP: 20/23
 11751 | D:13     | Noticed a five-headed hydra
 11759 | D:13     | Noticed an eight-headed hydra
 11763 | D:13     | Killed a five-headed hydra
 12057 | Lair:1   | Entered Level 1 of the Lair of Beasts
 12095 | Lair:1   | Noticed Fannar
 12128 | Lair:1   | Killed Fannar
 12128 | Lair:1   | Reached skill level 10 in Unarmed Combat
 12321 | Lair:1   | Noticed a five-headed hydra
 12331 | Lair:1   | Killed a five-headed hydra
 12923 | Lair:2   | Found a staircase to the Swamp.
 13177 | Lair:2   | Noticed a death yak
 13326 | Lair:2   | Noticed a death yak
 13337 | Lair:2   | Killed a death yak
 13341 | Lair:2   | Noticed a death yak
 13342 | Lair:2   | Killed a death yak
 13345 | Lair:2   | Killed a death yak
 13345 | Lair:2   | Received a gift from Okawaru
 13515 | Lair:2   | Reached skill level 10 in Fighting
 13515 | Lair:2   | Reached XP level 13. HP: 60/103 MP: 25/25
 13861 | Lair:3   | Found a frozen archway.
 13921 | IceCv    | Entered an ice cave
 13946 | IceCv    | Found a transporter.
 14204 | Lair:3   | Found a dark tunnel.
 14221 | Volcano  | Entered a volcano
 14519 | Volcano  | Received a gift from Okawaru
 14544 | Volcano  | Found a burning altar of Makhleb.
 15607 | D:8      | Gained mutation: You expend magic power (3 MP) to strengthen your wands. [potion of mutation]
 15607 | D:8      | Gained mutation: Your muscles are strong. (Str +2) [potion of mutation]
 15616 | D:8      | Learned a level 5 spell: Yara's Violent Unravelling
 15811 | Lair:4   | Received a gift from Okawaru
 15812 | Lair:4   | Got a pair of blackened gloves {god gift}
 15958 | Lair:4   | Reached skill level 1 in Hexes
 16113 | Lair:4   | Found a staircase to the Snake Pit.
 16220 | Lair:4   | HP: 5/106 [something (11)]
 16628 | Lair:4   | Identified the +0 pair of gloves of the Blue Moon {+Blink rC- MR+} (Okawaru gifted it to you on level 4 of the Lair of Beasts)
 16944 | Lair:5   | Reached XP level 14. HP: 77/113 MP: 22/27
 17330 | Lair:5   | Found a white marble altar of Elyvilon.
 17358 | Lair:5   | Found a viscous altar of Jiyva.
 17379 | Lair:5   | Found a staircase to the Slime Pits.
 17805 | Lair:6   | Entered Level 6 of the Lair of Beasts
 17899 | Lair:6   | Paralysed by a hornet for 2 turns
 17904 | Lair:6   | Received a gift from Okawaru
 18670 | Lair:5   | Reached skill level 10 in Spellcasting
 18905 | Lair:6   | Received a gift from Okawaru
 19592 | Lair:6   | Got a scintillating amber ring
 19593 | Lair:6   | Identified the ring of Kaedor {Wiz rF+ MR++ Str+2 Stlth-} (You found it on level 6 of the Lair of Beasts)
 20331 | D:6      | Killed Thargor's ghost
 20648 | D:13     | Received a gift from Okawaru
 20660 | D:13     | Reached skill level 1 in Invocations
 20801 | D:13     | Noticed Frances
 20878 | D:13     | Noticed Kirke
 20881 | D:13     | Reached skill level 5 in Hexes
 20892 | D:12     | Killed Kirke
 20892 | D:12     | Reached XP level 15. HP: 108/120 MP: 9/29
 20906 | D:12     | Gained mutation: You are frail. (-10% HP) [mutagenic glow]
 21067 | D:13     | Found a gate to the Vaults.
 21156 | D:13     | HP: 6/129 [Frances/trident of flaming (2)]
 21156 | D:13     | Killed from afar by an electric eel

Skill      XL: |  1  2  3  4  5  6  7  8  9 10 11 12 13 14 |
---------------+-------------------------------------------+-----
Transmutations | 3 4 5 6 7 8 9 11 12 13 14 | 14.2
Unarmed Combat | 4 5 6 7 8 9 10 11 12 | 12.7
Poison Magic   | 1 2 3 |  3.0
Dodging        | 3 4 5 6 7 9 10 11 13 14 | 14.3
Fighting       | 2 3 4 5 7 8 10 11 12 | 12.1
Spellcasting   | 3 4 5 6 7 8 9 10 | 10.4
Ice Magic      | 2 4 5 6 |  6.0
Hexes          | 2 5 |  5.0
Invocations    | 2 |  2.8

Action                   |  1- 3 |  4- 6 |  7- 9 | 10-12 | 13-15 || total
-------------------------+-------+-------+-------+-------+-------++-------
Melee: Unarmed           |    96 |   153 |   374 |   670 |   771 ||  2064
       Headbutt          |    10 |       |       |       |       ||    10
       Staff             |       |       |     2 |    19 |     9 ||    30
       Punch             |       |       |       |     5 |     9 ||    14
 Cast: Beastly Appendage |    13 |       |       |       |       ||    13
       Spider Form       |     7 |    21 |    47 |    47 |    46 ||   168
       Sticks to Snakes  |       |       |     6 |    30 |    67 ||   103
       Ice Form          |       |       |     2 |     7 |     7 ||    16
       Blade Hands       |       |       |       |     6 |    12 ||    18
       Yara's Violent Un |       |       |       |       |     3 ||     3
Invok: Heroism           |       |       |       |    10 |    15 ||    25
 Abil: End Transformatio |       |       |     1 |     5 |     5 ||    11
Evoke: Wand              |       |       |       |       |    31 ||    31
  Use: Scroll            |     5 |    10 |     7 |     6 |    15 ||    43
       Potion            |       |       |       |     2 |     7 ||     9
 Stab: Sleeping          |     2 |       |       |     4 |       ||     6
       Distracted        |       |       |       |     3 |     4 ||     7
  Eat: Chunk             |     2 |     7 |    19 |    27 |    22 ||    77
       Ration            |       |     1 |       |       |     2 ||     3
Armor: Robe              |    14 |     5 |    15 |     6 |       ||    40
       Skin              |       |     2 |    10 |    24 |    26 ||    62
       Troll leather arm |       |       |       |     3 |    21 ||    24
Dodge: Dodged            |    81 |   127 |   358 |   691 |  1165 ||  2422
       Deflected         |       |       |       |       |     6 ||     6
